 Dungeon Crawl Stone Soup version 0.30-a0-140-gd1020e658a (webtiles) character file.

Game seed: 2338143841006255014

9343 jimonade the Thaumaturge (level 11, -9/71 HPs)
             Began as a Djinni Fire Elementalist on Sept 24, 2022.
             Was an Initiate of Ashenzari.
             Mangled by a blink frog (15 damage)
             ... on level 2 of the Lair of Beasts.
             The game lasted 00:32:46 (13748 turns).

jimonade the Thaumaturge (DjFE)                    Turns: 13748, Time: 00:32:46

Health: -9/71      AC:  3    Str:  9    XL:     11   Next: 72%
Gold:   489        EV: 11    Int: 19    God:    Ashenzari [......] SH:  7 Dex: 14

rFire   + + +      SeeInvis .    a - staff of fire
rCold   x . .      Faith    .    U - +0 kite shield
rNeg    + . .      Spirit   .    u - +0 robe of the Fated Vision {Self, Fort} (curse)
rPois   ∞          Reflect  .    (no helmet)
rElec   .          Harm     .    (no cloak)
rCorr   .          Rampage  .    O - +0 pair of gloves
Will    +....                    (boots unavailable)
Stlth   ++........               (no amulet)
HPRegen 0.21/turn                n - ring of protection from fire
MPRegen 0.00/turn                I - ring of positive energy

@: flying
A: sickness immunity, fire resistance 2, cold vulnerability 1, float, innate
caster, HP casting, extra vitality 1
a: Renounce Religion, Curse Item, Shatter the Chains


You were on level 2 of the Lair of Beasts.
You worshipped Ashenzari.
Ashenzari was noncommittal.
You visited 3 branches of the dungeon, and saw 12 of its levels.

You collected 489 gold pieces.

Inventory:

Hand Weapons
 b - a +1 dagger of venom
 c - a +0 dagger of holy wrath
 g - a +0 spear
 j - a +4 shortbow
 A - a +3 dagger
 V - a +0 longbow
Missiles
 x - 19 poisoned darts
 P - a curare-tipped dart
 S - 2 throwing nets
Armour
 d - a +0 leather armour
 u - the cursed +0 robe of the Fated Vision (worn) {Self, Fort}

   It has a curse which improves the following skills: Introspection: Fighting
   and Spellcasting.
   Fortitude: Armour and Shields.
 y - a +0 ring mail
 K - a +3 scale mail
 L - a +0 robe
 O - a +0 pair of gloves (worn)
 T - a +2 robe of fire resistance
 U - a +0 kite shield (worn)
Magical Staves
 a - a staff of fire (weapon)
Jewellery
 n - a ring of protection from fire (left hand)
 I - a ring of positive energy (right hand)
 M - a ring of positive energy
Wands
 t - a wand of polymorph (11)
 E - a wand of flame (31)
 G - a wand of mindburst (12)
Scrolls
 f - 2 scrolls of vulnerability {vuln}
 h - 5 scrolls of identify {id}
 k - 6 scrolls of teleportation {tele}
 m - 2 scrolls of torment {torm}
 o - 5 scrolls of enchant weapon {enchant}
 p - 2 scrolls of butterflies {butter}
 r - a scroll of immolation {immo}
 s - a scroll of poison {pois}
 z - 2 scrolls of blinking {blink}
 F - a scroll of fear {fear}
 H - 3 scrolls of enchant armour {armour}
 N - 3 scrolls of magic mapping {map}
Potions
 e - 7 potions of curing {cure}
 i - a potion of lignification {ling}
 l - a potion of heal wounds {heal}
 q - 4 potions of flight {flight}
 v - 3 potions of mutation {mutate}
 w - a potion of cancellation {cancel}
 B - 3 potions of might {might}
 C - a potion of haste {haste}
 J - 2 potions of attraction {attr}
 Q - a potion of invisibility
 R - 3 potions of ambrosia
Miscellaneous
 D - a piece from Xom's chessboard (15/15)


   Skills:
 * Level 2.9(3.3) Fighting
 * Level 4.0 Dodging
 - Level 1.5 Stealth
 * Level 1.0(1.3) Shields
 - Level 13.2(13.6) Spellcasting


You had 12 spell levels left.
You knew the following spells:

 Your Spells              Type           Power      Damage    Failure   Level
a - Foxfire               Conj/Fire      100%       2x1d9     1%          1
b - Scorch                Fire           100%       2d10      1%          2
c - Kindle Blastsparks    Fire/Tloc/Air  100%       2d18      1%          3
d - Inner Flame           Hex/Fire       78%        N/A       1%          3
e - Flame Wave            Conj/Fire      78%        2d17      1%          4
f - Necrotise             Necr           100%       1d9       1%          1
g - Searing Ray           Conj           100%       2d8       1%          2
h - Passwall              Tmut/Erth      50%        N/A       1%          2
i - Ignite Poison         Fire/Tmut/Pois 78%        N/A       1%          3
j - Ice Form              Ice/Tmut       60%        N/A       1%          4
Your spell library was empty.

Dungeon Overview and Level Annotations

Branches:
Dungeon (9/15)             Temple (1/1) D:4            Lair (1/5) D:9
    Orc (0/2) D:9

Altars:
Ashenzari
Cheibriados
Elyvilon
Fedhas
Gozag
Hepliaklqana
Makhleb
Nemelex Xobeh
Okawaru
Qazlal
Ru
Trog
Wu Jian
Xom
Yredelemnul
Zin
The Shining One

Shops:
D:1 *=?(:   D:2 *

Annotations:
D:1 exclusion: downstairs
D:2 1 runed translucent door, Crazy Yiuf
D:8 exclusion: 2 downstairs


Innate Abilities, Weirdness & Mutations

You are immune to sickness and miasma.
You are immune to poison.
Your flesh is very heat resistant. (rF++)
You are vulnerable to cold. (rC-)
You float through the air rather than walking.
You learn spells naturally, not from books.
Your magical power is your life essence.
You have superior vitality. (+4 MHP)


Message History

A wave of flame ripples out!
The flame wave engulfs the komodo dragon.
* * * LOW HITPOINT WARNING * * *
You finish channelling waves of flame.
The komodo dragon explodes!
The fiery explosion engulfs you. You resist.
* * * LOW HITPOINT WARNING * * *
You are engulfed in blazing flames.
You resist.
* * * LOW HITPOINT WARNING * * *
You hear a faint skittering sound.
You hear an angry hiss.
Your Dodging skill increases to level 4!
Your Shields skill increases to level 1!
A komodo dragon comes into view.
The blink frog blinks!
You feel much better. The blink frog hits you.
A komodo dragon comes into view.
Casting: Flame Wave (mildly dangerous; 1% risk of failure)
Confirm with . or Enter, or press ? or * to list all spells.
You feel a surge of power!
Flames lash the blink frog.
The blink frog is moderately wounded.
The blink frog's fire resistance burns away.
* * * LOW HITPOINT WARNING * * *
The blink frog hits you!
* * * LOW HITPOINT WARNING * * *
The blink frog blinks!
Casting: Scorch (safe; 1% risk of failure)
Confirm with . or Enter, or press ? or * to list all spells.
You feel a surge of power!
Flames lash the komodo dragon.
The komodo dragon is moderately wounded.
The komodo dragon's fire resistance burns away.
* * * LOW HITPOINT WARNING * * *
Casting: Scorch (safe; 1% risk of failure)
Confirm with . or Enter, or press ? or * to list all spells.
You feel a surge of power!
Flames lash the blink frog.
The blink frog is burned terribly!
You kill the blink frog!
* * * LOW HITPOINT WARNING * * *
The komodo dragon is engulfed in blazing flames.
The komodo dragon misses you. The blink frog hits you!
You die...

..#### .. ⌠
...... ...
......##.#.
#..F......
#.......##
#........##
#.#...§§...#.##
#.....☼@§l....#
......l§F......
....######..)..
... .... . #..
.


You could see 2 komodo dragons and 2 blink frogs.

Vanquished Creatures
  A centaur warrior (D:9)
  3 death yaks (D:9)
  A komodo dragon (Lair:2)
  Prince Ribbit (D:6)
  2 blink frogs (Lair:2)
  Sigmund (D:2)
  A wyvern (D:7)
  14 yaks
  2 steam dragons
  A water moccasin (D:6)
  Duvessa (D:7)
  An ice beast (D:5)
  4 centaurs
  A sky beast (D:6)
  An ogre (D:5)
  A kobold brigand (D:7)
  3 phantoms
  3 necrophages
  2 gnoll sergeants (D:9)
  6 bullfrogs
  5 scorpions
  Dowan (D:7)
  12 killer bees (D:9)
  7 electric eels (D:9)
  A quasit (D:5)
  2 jellies
  2 hounds
  3 orc priests
  Jessica (D:2)
  4 iguanas
  3 orc wizards
  5 hell rats (D:9)
  7 gnolls (D:9)
  12 adders
  6 shadow imps
  7 white imps (D:5)
  An ufetubus (D:5)
  2 dart slugs
  2 worms
  23 orcs
  5 bats (D:3)
  5 endoplasms
  A giant cockroach (D:3)
  6 goblins
  3 hobgoblins
  12 jackals
  18 kobolds
  6 quokkas
  9 ball pythons
  4 frilled lizards
  3 rats
228 creatures vanquished.

Vanquished Creatures (collateral kills)
  2 foxfires (D:3)
2 creatures vanquished.

Vanquished Creatures (others)
  7 demonic plants (D:5)
  525 foxfires
  10 fungi (D:3)
542 creatures vanquished.

Grand Total: 772 creatures vanquished

Notes
Turn   | Place    | Note
-------+----------+-------------------------------------------
     0 | D:1      | jimonade the Djinni Fire Elementalist began the quest for
                  | the Orb.
     0 | D:1      | jimonade set off with the following spells memorised:
                  | Foxfire, Scorch, Kindle Blastsparks, Inner Flame, Flame
                  | Wave.
     0 | D:1      | Reached XP level 1. HP: 15/15 MP: 0/0
   192 | D:1      | Found Wuqeirph's General Store.
   249 | D:1      | Found Zauwibis's Jewellery Emporium.
   258 | D:1      | Reached XP level 2. HP: 20/21 MP: 0/0
   553 | D:1      | Reached skill level 3 in Spellcasting
   623 | D:1      | Found Ocitem's Book Emporium.
   692 | D:1      | Found Peprer's Weapon Shoppe.
   705 | D:1      | Found Cequrox's Magic Scroll Emporium.
  1068 | D:2      | Noticed Sigmund
  1076 | D:2      | Reached XP level 3. HP: 13/25 MP: 0/0
  1076 | D:2      | Learned a level 1 spell: Necrotise
  1304 | D:2      | Noticed Jessica
  1321 | D:2      | Killed Jessica
  1322 | D:2      | Reached XP level 4. HP: 22/31 MP: 0/0
  1699 | D:2      | Found a faded altar of an unknown god.
  1746 | D:2      | Found Qewk's General Store.
  1801 | D:2      | Killed Sigmund
  1802 | D:2      | Reached skill level 4 in Spellcasting
  1802 | D:2      | Reached XP level 5. HP: 23/35 MP: 0/0
  1802 | D:2      | Learned a level 2 spell: Searing Ray
  1802 | D:2      | Reached XP level 6. HP: 27/40 MP: 0/0
  2101 | D:2      | Found a runed translucent door.
  2102 | D:2      | Noticed Crazy Yiuf
  2235 | D:3      | Reached skill level 5 in Spellcasting
  3733 | D:4      | Reached XP level 7. HP: 27/45 MP: 0/0
  3733 | D:4      | Learned a level 2 spell: Passwall
  4148 | D:4      | Reached skill level 6 in Spellcasting
  4335 | D:4      | Found a staircase to the Ecumenical Temple.
  4361 | Temple   | Entered the Ecumenical Temple
  4563 | Temple   | Became a worshipper of Ashenzari the Shackled
  4749 | D:4      | Found a snail-covered altar of Cheibriados.
  5330 | D:5      | Entered Level 5 of the Dungeon
  5592 | D:5      | Reached XP level 8. HP: 5/50 MP: 0/0
  6121 | D:5      | Reached skill level 7 in Spellcasting
  6211 | D:5      | Found a basalt altar of Yredelemnul.
  6961 | D:5      | Reached skill level 8 in Spellcasting
  7245 | D:6      | Reached XP level 9. HP: 45/55 MP: 0/0
  7245 | D:6      | Learned a level 3 spell: Ignite Poison
  7459 | D:6      | Reached skill level 9 in Spellcasting
  7816 | D:6      | Noticed Prince Ribbit
  7825 | D:6      | Killed Prince Ribbit
  8150 | D:7      | Noticed Dowan
  8151 | D:7      | Noticed Duvessa
  8160 | D:7      | Killed Duvessa
  8163 | D:7      | Killed Dowan
  8254 | D:7      | Reached skill level 10 in Spellcasting
  8447 | D:7      | Reached XP level 10. HP: 52/60 MP: 0/0
  8554 | D:7      | Found a hazy altar of Hepliaklqana.
  8607 | D:7      | Reached * piety under Ashenzari
  9165 | D:8      | Reached skill level 11 in Spellcasting
  9513 | D:8      | Identified Sif Muna's Catalogue of Stones
  9514 | D:8      | Identified Sif Muna's Monograph on Venom
  9514 | D:8      | Identified Sif Muna's Guidebook on Earth
  9518 | D:8      | Found a sparkling altar of Nemelex Xobeh.
  9798 | D:8      | Identified the amulet "Susius" {RegenMP rC- Int+4 Dex+4}
 10445 | D:9      | Found a staircase to the Orcish Mines.
 10723 | D:9      | Noticed a death yak
 10724 | D:9      | Noticed a death yak
 10726 | D:9      | Noticed a death yak
 11490 | D:9      | Reached skill level 12 in Spellcasting
 11496 | D:9      | Killed a death yak
 11497 | D:9      | Reached XP level 11. HP: 26/65 MP: 0/0
 11497 | D:9      | Learned a level 4 spell: Ice Form
 11784 | D:9      | Found a blossoming altar of Fedhas.
 12420 | D:9      | Found a burning altar of Makhleb.
 12467 | D:9      | Noticed a centaur warrior
 12471 | D:9      | Killed a centaur warrior
 12472 | D:9      | Reached skill level 1 in Fighting
 12800 | D:9      | Found a staircase to the Lair.
 12864 | D:9      | Reached skill level 13 in Spellcasting
 12917 | D:9      | Killed a death yak
 12961 | D:9      | Killed a death yak
 13178 | D:9      | Found a stormy altar of Qazlal.
 13462 | D:9      | Found a glowing silver altar of Zin.
 13690 | Lair:1   | Entered Level 1 of the Lair of Beasts
 13738 | Lair:1   | You are sucked into a shaft and drop 1 floor!
 13744 | Lair:2   | Reached skill level 1 in Shields
 13748 | Lair:2   | Mangled by a blink frog

Illustrated notes

Levels and vault maps discovered:
D:1:      tarquinn_simple_flora_water_a, layout_basic, serial_shops,
          nicolae_shop_crystal, nicolae_lakefront_shop,
          nicolae_shop_advertising_works [nicolae_subvault_shop_adworks],
          nicolae_shop_statue_plus, nicolae_shop_bloodbath_and_beyond,
          minmay_tetromino_t2
D:2:      layout_basic, serial_shops,
          nicolae_shop_temple_entry_statues_fountains, serial_glass,
          glass_columns_a, glass_columns_b, ebering_ecumenical_altar_hall,
          uniq_crazy_yiuf_cottage, uniq_jessica, uniq_sigmund
D:3:      layout_loops_cross, dreamdust_mushroom_princess, minmay_diced_spiral
D:4:      layout_basic, slow_altar_2, minmay_temple_entry_ruins, serial_rivers,
          chequers_serial_rivers_room_b, chequers_serial_rivers_micro_c,
          chequers_serial_rivers_marsh, chequers_serial_rivers_room_a,
          chequers_serial_rivers_small_b
D:5:      layout_gridville, lemuel_round_altar, serial_demonic,
          serial_demonic_d, serial_demonic_f, serial_demonic_g,
          serial_demonic_b, serial_demonic_e, serial_demonic_g,
          serial_demonic_b, serial_demonic_b, hellmonk_bongcloud_opening
D:6:      layout_cave_pools, uniq_prince_ribbit1
D:7:      layout_cave_pools, nicolae_hepliaklqana_hippocampus, uniq_duvessa
D:8:      layout_basic, nemelex_altar_shiori, nicolae_sif_muna_little_library
D:9:      layout_gridville, lemuel_coloured_pillars_altar, lemuel_round_altar,
          zin_scriptorium, bloody_makhleb, dpeg_lair_monsters, david_orc_2,
          kennysheep_boxes
Temple:   bh_familiar_temple
Lair:1:   layout_cave_pods, uniq_grum, uniq_maggie
Lair:2:   layout_layer_cave, spider_nest_entry_funnel_web, grunt_megastairs_3,
          serial_bayou_shore_a, infiniplex_staircase_pool

Skill      XL: |  1  2  3  4  5  6  7  8  9 10 11 |
---------------+----------------------------------+-----
Spellcasting   | 3 4 5 6 8 10 12 13 | 13.2
Fighting       | 2 |  2.9
Dodging        | 4 |  4.0
Shields        | 1 |  1.0
Stealth        | |  1.5

Action                   |  1- 3 |  4- 6 |  7- 9 | 10-12 || total
-------------------------+-------+-------+-------+-------++-------
 Cast: Foxfire           |    30 |    28 |   137 |   120 ||   315
       Scorch            |     3 |    47 |    50 |    37 ||   137
       Inner Flame       |       |     3 |    22 |    63 ||    88
       Searing Ray       |       |       |     1 |       ||     1
       Kindle Blastspark |       |       |       |     3 ||     3
       Flame Wave        |       |       |       |     3 ||     3
Invok: Curse Item        |       |       |     1 |     1 ||     2
       Shatter the Chain |       |       |       |     1 ||     1
  Use: Potion            |       |       |       |     1 ||     1
Armor: Robe              |     1 |     3 |     3 |     2 ||     9
Dodge: Dodged            |     3 |    21 |    27 |    17 ||    68

Table legend: (Time is in decaauts)
 A = Elapsed time spent in this place.
 B = Non-inter-level travel time spent in this place.
 C = Inter-level travel time spent in this place.
 D = Time resting spent in this place.
 E = Time spent auto-exploring this place.
 F = Levels seen in this place.
 G = Mean time per level.
                   A        B        C        D        E       F      G
               +--------+--------+--------+--------+--------+-----+--------+
         Total |  13751 |  12974 |    777 |   3071 |   7969 |  12 | 1145.9 |
       Dungeon |  13466 |  12733 |    733 |   3071 |   7750 |   9 | 1496.2 |
        Temple |    227 |    183 |     44 |      0 |    174 |   1 |  227.0 |
          Lair |     57 |     57 |      0 |      0 |     45 |   2 |   28.5 |
               +--------+--------+--------+--------+--------+-----+--------+

Top non-repeatable levels by time:
     D:9: 2387 daAuts
     D:8: 1916 daAuts
     D:3: 1695 daAuts
     D:5: 1565 daAuts
     D:4: 1501 daAuts
     D:7: 1331 daAuts
     D:1: 1226 daAuts
     D:2: 936 daAuts
     D:6: 905 daAuts
  Temple: 227 daAuts
  Lair:1: 47 daAuts
  Lair:2: 9 daAuts
